 Dungeon Crawl Stone Soup version 0.29.1-12-g30fa7ad0bf (webtiles) character file.

Game seed: 11514760383502446383

124 cheesebisquit the Chopper (level 4, 0/41 HPs)
             Began as a Minotaur Berserker on Jan 1, 2023.
             Was a Believer of Trog.
             Slain by a gnoll
             ... wielding a +0 halberd
              (10 damage)
             ... on level 3 of the Dungeon.
             The game lasted 00:07:16 (1944 turns).

cheesebisquit the Chopper (Minotaur Berserker)      Turns: 1944, Time: 00:07:16

Health: 0/41       AC:  9    Str: 23    XL:     4   Next: 81%
Magic:  3/3        EV:  9    Int:  4    God:    Trog [**....]
Gold:   58         SH:  0    Dex: 10    Spells: 3/3 levels left

rFire   . . .      SeeInvis .   a - +0 hand axe
rCold   . . .      Faith    .   (no shield)
rNeg    . . .      Spirit   .   d - +0 chain mail
rPois   .          Reflect  .   (helmet restricted)
rElec   .          Harm     .   (no cloak)
rCorr   .          Rampage  .   (no gloves)
Will    ++...                   (no boots)
Stlth   ..........              (no amulet)
HPRegen 1.13/turn               l - ring of flight
MPRegen 0.08/turn               (no ring)

@: strong-willed, flying, regenerating
A: horns 2, retaliatory headbutt
a: Renounce Religion, Berserk, Trog's Hand


You were on level 3 of the Dungeon.
You worshipped Trog.
Trog was pleased with you.
You visited 1 branch of the dungeon, and saw 3 of its levels.

You collected 58 gold pieces.

Inventory:

Hand Weapons
 a - a +0 hand axe (weapon)
Armour
 b - a +0 animal skin
 d - a +0 chain mail (worn)
 e - a +0 ring mail
Jewellery
 l - a ring of flight (left hand)
Scrolls
 c - a scroll of fog {unknown}
 g - a scroll of teleportation {unknown}
 i - 3 scrolls of identify {unknown}
 m - a scroll of enchant weapon {unknown}
Potions
 f - a potion of ambrosia {unknown}
 h - a potion of haste {unknown}
 j - a potion of degeneration {unknown}
 k - a potion of curing {unknown}


   Skills:
 + Level 4.5 Fighting
 + Level 4.6 Axes
 + Level 3.6 Armour
 + Level 3.3 Dodging


You had 3 spell levels left.
You didn't know any spells.
Your spell library was empty.

Dungeon Overview and Level Annotations

Branches:
Dungeon (3/15)

Altars:

Shops:
D:2 [


Innate Abilities, Weirdness & Mutations

You have a pair of horns on your head.
You reflexively headbutt those who attack you in melee.


Message History

Trog accepts your kill.
Things that are here:
a +0 club; 5 stones 2 gnolls come into view.
The gnoll shouts! x2; You hear a shout! 2 gnolls come into view.
Found a scroll labelled WONEV QAMAIR.
The gnoll shouts! x2
A frilled lizard comes into view.
The gnoll hits you with a +0 flail. The gnoll barely misses you.
You slash the gnoll! You headbutt the gnoll.
You kill the gnoll!
Trog accepts your kill.
You hit the gnoll but do no damage. The gnoll barely misses you.
The gnoll hits you with a +0 flail.
The gnoll hits you from afar with a +0 halberd.
The gnoll hits you from afar with a +0 halberd!
The gnoll hits you but does no damage. x2
You closely miss the gnoll. You headbutt the gnoll.
The gnoll is heavily wounded.
The gnoll hits you from afar with a +0 spear.
The gnoll barely misses you.
Your skin crawls.
You feel strong-willed. The gnoll barely misses you.
The gnoll closely misses you. The gnoll hits you with a +0 flail!
* * * LOW HITPOINT WARNING * * *
You fail to use your ability.
The gnoll hits you but does no damage.
The gnoll hits you from afar with a +0 halberd.
* * * LOW HITPOINT WARNING * * *
You hit the gnoll. Your headbutt misses the gnoll.
The gnoll is almost dead.
The gnoll hits you but does no damage. The gnoll barely misses you. x2
You hit the gnoll but do no damage.
The gnoll is almost dead.
You hit the frilled lizard.
You kill the frilled lizard!
Trog accepts your kill.
The gnoll hits you from afar with a +0 halberd!
You die...

..... ....... .......
....... ........#
....... ..........
.......
.#........##.......
...........g.g..?.. #.
#.........†....... #.
##.........@g...... ##.
#..#...............
#..###....#....##.##....
..^......#..............
.#..##.#...).......... .
...(.>.............?...
#......................
#......................
#.........#..<........


You could see 3 gnolls.

Vanquished Creatures
  5 gnolls
  An adder (D:2)
  3 worms
  4 dart slugs
  4 ball pythons
  3 endoplasms
  4 giant cockroaches
  4 hobgoblins
  4 quokkas
  3 bats
  2 frilled lizards (D:3)
  5 goblins
  5 kobolds
  7 rats
54 creatures vanquished.

Notes
Turn   | Place    | Note
-------+----------+-------------------------------------------
     0 | D:1      | cheesebisquit the Minotaur Berserker began the quest for
                  | the Orb.
     0 | D:1      | Reached XP level 1. HP: 19/19 MP: 0/0
    36 | D:1      | Found a faded altar of an unknown god.
   155 | D:1      | Reached XP level 2. HP: 27/27 MP: 1/1
   444 | D:1      | Reached ** piety under Trog
   634 | D:2      | Reached XP level 3. HP: 29/33 MP: 2/2
   969 | D:2      | Reached XP level 4. HP: 12/40 MP: 3/3
  1478 | D:2      | Found Oronkeecs's Antique Armour Boutique.
  1944 | D:3      | Slain by a gnoll

Illustrated notes

Levels and vault maps discovered:
D:1:      mainiacjoe_arrival_reflecting_pool, layout_rooms,
          hellmonk_ecumenical_altar_pennies_from_heaven, minmay_pentomino_t4
D:2:      layout_loops_cross, serial_shops, nicolae_shop_trees
D:3:      layout_rooms

Skill      XL: |  1  2  3 |
---------------+----------+-----
Fighting       | 4 |  4.5
Axes           | 4 |  4.6
Armour         | 3 |  3.6
Dodging        | 3 |  3.3

Action                   |  1- 3 |  4- 6 || total
-------------------------+-------+-------++-------
Melee: Hand axe          |    61 |    70 ||   131
       Headbutt          |    10 |     8 ||    18
       Punch             |       |     1 ||     1
Invok: Berserk           |     2 |       ||     2
       Trog's Hand       |     1 |     1 ||     2
Armor: Animal skin       |     1 |       ||     1
       Chain mail        |    34 |    34 ||    68
Dodge: Dodged            |    32 |    35 ||    67
